AoeStats
← Puff_Sullivan

Arena

516886453Analyzed
3v3 RM · 9d ago on Oct 28, 2026· 52m 23s· 6 players
Game mode
Random Map
Map size
Normal (6 player)
Population
200
Speed
Normal
Resources
Standard
Victory
Conquest
Starting age
Dark Age
Ending age
Imperial Age
RankedLock teamsTeams togetherTeam positionsShared explorationLock speedFull tech treeHidden civsTurbo modeCheats
Victory
Defeat
🇭🇰 Franks · Hong Kong SAR China
1024
+12
🇺🇸 Armenians · United States
912
+17
🇨🇴 Turks · Colombia
881
+18
vs
🇺🇸 Wei · United States
956
-17
🇺🇸 Khmer · United States
921
-15
🇺🇸 Teutons · United States
915
-15
Campain3r
5:18 Loom
9:48 Feudal Age
10:35 Double-Bit Axe
10:44 Horse Collar
14:19 Scale Mail Armor
14:29 Forging
19:43 Castle Age
20:40 Wheelbarrow
20:48 Bow Saw
20:43 Heavy Plow
25:59 Imperial Age
24:13 Squires
24:00 Arson
24:42 Chain Mail Armor
25:59 Iron Casting
28:05 Hand Cart
33:04 Plate Mail Armor
32:57 Town Watch
35:25 Blast Furnace
35:09 Fervor
35:22 Sanctity
38:37 Masonry
39:55 Fereters
40:14 Conscription
40:32 Hoardings
48:13 Gold Mining
49:26 Pikeman
50:07 Fletching
50:17 Halberdier
fabianandresrestrepo
9:26 Feudal Age
19:42 Castle Age
23:06 Double-Bit Axe
36:17 Imperial Age
40:06 Murder Holes
46:21 Bloodlines
henrii
10:16 Feudal Age
15:12 Castle Age
18:48 Double-Bit Axe
20:25 Loom
23:27 Fletching
25:41 Gold Mining
26:03 Bow Saw
25:45 Stone Mining
28:26 Murder Holes
29:19 Wheelbarrow
28:46 Bodkin Arrow
28:58 Scale Barding Armor
34:31 Imperial Age
32:14 Forging
33:40 Chain Barding Armor
33:55 Iron Casting
33:05 Treadmill Crane
33:55 Husbandry
35:36 Hand Cart
35:51 Conscription
35:10 Cavalier
36:43 Chivalry
39:56 Gold Shaft Mining
39:10 Town Watch
40:05 Plate Barding Armor
40:21 Paladin
40:24 Pikeman
41:06 Squires
40:54 Gambesons
40:54 Arson
41:11 Scale Mail Armor
41:39 Halberdier
49:02 Caravan
52:47 Chain Mail Armor
Skipperdoo
10:24 Feudal Age
15:19 Castle Age
13:34 Horse Collar
14:29 Double-Bit Axe
18:48 Heavy Plow
19:18 Bow Saw
20:32 Stone Mining
23:04 Fletching
24:21 Thumb Ring
24:16 Treadmill Crane
24:59 Ballistics
25:08 Gold Mining
26:36 Wheelbarrow
26:02 Bodkin Arrow
26:08 Padded Archer Armor
30:52 Imperial Age
29:40 Leather Archer Armor
30:03 Hand Cart
29:56 Tuntian
31:28 Husbandry
31:39 Bloodlines
31:59 Parthian Tactics
32:46 Chemistry
33:01 Gold Shaft Mining
33:04 Crop Rotation
33:03 Ming Guang Armor
32:27 Elite Skirmisher
34:03 Conscription
33:20 Light Cavalry
35:03 Fortified Wall
37:09 Hoardings
37:36 Hussar
38:20 Loom
39:50 Bracer
40:00 Forging
40:00 Scale Barding Armor
40:31 Forging
42:59 Chain Barding Armor
43:10 Ring Archer Armor
43:15 Iron Casting
44:52 Heavy Hei Guang Cavalry
50:21 Blast Furnace
Puff_Sullivan
10:48 Feudal Age
14:43 Castle Age
13:10 Double-Bit Axe
13:50 Horse Collar
15:41 Bow Saw
21:02 Masonry
21:03 Fortified Wall
26:29 Bloodlines
34:46 Wheelbarrow
36:57 Scale Barding Armor
37:03 Forging
40:41 Ballistics
40:45 Chain Barding Armor
41:01 Iron Casting
40:20 Fletching
47:36 Imperial Age
46:21 Hand Cart
45:55 Loom
48:32 Scale Mail Armor
flank steak
9:25 Loom
11:11 Feudal Age
15:16 Castle Age
14:25 Double-Bit Axe
15:02 Horse Collar
27:17 Fletching
27:28 Padded Archer Armor
27:26 Murder Holes
29:16 Ballistics
28:56 Gold Mining
30:34 Gold Shaft Mining
34:37 Imperial Age
32:45 Wheelbarrow
32:16 Heavy Plow
32:29 Bow Saw
34:08 Husbandry
34:18 Bloodlines
33:29 Light Cavalry
35:23 Double Crossbow
36:05 Leather Archer Armor
35:46 Bodkin Arrow
36:55 Chemistry
37:26 Hussar
39:42 Siege Engineers
40:44 Elite Ballista Elephant
44:04 Devotion
44:54 Ring Archer Armor
44:39 Heavy Scorpion
48:29 Fortified Wall
51:27 Forging
51:23 Scale Barding Armor
51:20 Bracer
Connection lost

Rejoining the realm…

Still unreachable

The connection could not be restored.

Session expired

The server has moved on; the page needs a fresh start.